 Dungeon Crawl Stone Soup version 0.28.0-53-g5a82cb258f (webtiles) character file.

Game seed: 17700339896216829456

86429 Icepheonix32 the Covert (level 15, 0/126 HPs)
             Began as a Green Draconian Cinder Acolyte on June 6, 2022.
             Was a High Priest of Ignis.
             Slain by Donald
             ... wielding a +1 double sword of freezing
              (12 damage)
             ... on level 1 of the Shoals.
             The game lasted 01:50:49 (32779 turns).

Icepheonix32 the Covert (DrCA)                     Turns: 32779, Time: 01:50:50

Health: 0/126      AC: 20    Str: 18      XL:     15   Next: 40%
Magic:  0/29       EV: 14    Int: 16 (17) God:    Ignis [*****.]
Gold:   1282       SH:  0    Dex: 10      Spells: 4/35 levels left

rFire   + . .      SeeInvis +   g - +9 dagger (flame)
rCold   . . .      Faith    .   (no shield)
rNeg    . . .      Spirit   +   (armour unavailable)
rPois   +          Reflect  .   P - +2 hat
rElec   .          Harm     .   p - +2 cloak
rCorr   .          Rampage  .   l - +2 pair of gloves
Will    +....                   d - +2 pair of boots
Stlth   ++++......              D - amulet of guardian spirit
HPRegen 0.31/turn               b - +4 ring of slaying
MPRegen 0.21/turn               h - ring of see invisible

@: short of breath
A: breathe noxious fumes, AC +9, unfitting armour, stinger 1, poison resistance,
cold-blooded, deterioration 1
a: Breathe Noxious Fumes, Renounce Religion, Fiery Armour, Foxfire Swarm, Rising
Flame


You were on level 1 of the Shoals.
You worshipped Ignis.
Ignis was extremely pleased with you.
You visited 4 branches of the dungeon, and saw 21 of its levels.
You also visited: Ossuary and Volcano.

You collected 2728 gold pieces.
You spent 1446 gold pieces at shops.

Inventory:

Hand Weapons
 g - a +9 dagger of flaming (weapon)
 o - the +5 great sword of Karma {holy, rPois rF+ Str-2 Int+4}
   (You bought it in a shop on level 7 of the Dungeon)

   It has been blessed by the Shining One to cause great damage to the undead
   and demons.
   Str:       It affects your strength (-2).
   Int:       It affects your intelligence (+4).
   rF:        It protects you from fire.
   rPois:     It protects you from poison.
 r - a +2 vorpal shortbow
 w - the +2 longbow of Tartarus {venom, Str+4 Int+4}
   (You found it on level 4 of the Dungeon)

   Any ammunition fired from it poisons the flesh of those it strikes.
   Str:       It affects your strength (+4).
   Int:       It affects your intelligence (+4).
 E - the +5 scythe "Finisher" {speed, eviscerate}
   (You found it on level 1 of the Shoals)

   Attacks with this weapon are significantly faster.
   It may eviscerate those it strikes, slaying them instantly, with a decreasing
   chance against stronger foes.
Missiles
 a - 128 arrows
 i - 3 silver boomerangs
 v - 2 throwing nets
 H - 13 curare-tipped darts
Armour
 d - a +2 pair of boots (worn)
 l - a +2 pair of gloves (worn)
 p - a +2 cloak (worn)
 P - a +2 hat (worn)
Jewellery
 b - a +4 ring of slaying (left hand)
 h - a ring of see invisible (right hand)
 q - a +4 ring of evasion
 D - an amulet of guardian spirit (around neck)
 G - a +6 ring of dexterity
 Y - a ring of positive energy
Wands
 c - a wand of iceblast (9)
 L - a wand of charming (9)
 M - a wand of polymorph (9)
 Q - a wand of paralysis (9)
 R - a wand of flame (23)
 S - a wand of acid (8)
 V - a wand of digging (5)
 Z - a wand of mindburst (8)
Scrolls
 k - a scroll of silence
 t - 2 scrolls of fear
 x - 5 scrolls of immolation
 A - 2 scrolls of amnesia
 B - 3 scrolls of fog
 C - 4 scrolls of magic mapping
 I - a scroll of summoning
 J - 5 scrolls of teleportation
 T - a scroll of enchant weapon
 W - a scroll of holy word
Potions
 e - a potion of attraction
 f - 2 potions of flight
 j - 3 potions of lignification
 m - 2 potions of magic
 n - 2 potions of haste
 s - 2 potions of cancellation
 u - 2 potions of ambrosia
 z - 2 potions of mutation
 F - 2 potions of brilliance
 K - a potion of resistance
 U - 3 potions of curing
 X - 2 potions of might
Miscellaneous
 y - a phial of floods
 N - a condenser vane (inert)


   Skills:
 + Level 10.0 Fighting
 + Level 8.4(10.7) Short Blades
 + Level 10.5(11.7) Long Blades
 * Level 0.9 Polearms
 - Level 10.5 Bows
 + Level 1.0 Throwing
 + Level 6.9 Dodging
 + Level 10.6 Stealth
 + Level 10.6 Spellcasting
 + Level 0.1 Conjurations
 * Level 2.6 Hexes
 + Level 5.0 Summonings
 + Level 0.6 Necromancy
 + Level 1.1 Translocations
 + Level 8.2 Fire Magic
 * Level 2.6 Air Magic
 * Level 4.9 Evocations


You had 4 spell levels left.
You knew the following spells:

 Your Spells              Type           Power      Damage    Failure   Level
a - Scorch                Fire           68%        2d8       1%          2
b - Summon Guardian Gole  Hex/Summ       20%        N/A       5%          3
c - Corpse Rot            Necr/Air       26%        N/A       7%          2
d - Summon Forest         Summ/Tloc      9%         N/A       54%         5
e - Silence               Hex/Air        8%         N/A       63%         5
f - Inner Flame           Hex/Fire       25%        N/A       2%          3
g - Flame Wave            Conj/Fire      21%        2d7       16%         4
h - Conjure Flame         Conj/Fire      21%        6-21      4%          3
i - Dazzling Flash        Conj/Hex       24%        N/A       14%         3
j - Foxfire               Conj/Fire      84%        2x1d8     1%          1

Your spell library contained the following spells:

 Spells                   Type           Power      Damage    Failure   Level
 Dispel Undead            Necr           10%        3d9       54%         4
 Summon Mana Viper        Hex/Summ       20%        N/A       45%         5
 Summon Cactus Giant      Summ           12%        N/A       86%         6
 Agony                    Necr           10%        N/A       88%         5
 Death Channel            Necr           5%         N/A       100%        6
 Orb of Destruction       Conj           4%         9d5       100%        7
 Spellforged Servitor     Conj/Summ      8%         N/A       100%        7


Dungeon Overview and Level Annotations

Branches:
Dungeon (12/15)            Temple (0/1) D:7            Lair (6/6) D:10
 Shoals (1/4) Lair:2       Spider (0/4) Lair:4        Slime (0/5) Lair:5
    Orc (2/2) D:12            Elf (0/3) Orc:2       Ossuary (visited)
Volcano (visited)

Altars:
Gozag
Zin

Shops:
D:7 (   D:12 *(   Orc:2 ***:(*[

Portals:
Abyss: Lair:6

Annotations:
Lair:4 2 transporters, Holdthepickle's ghost, journeyman MiBe
Lair:6 2 transporters, mrburnz's ghost, journeyman MiBe
Shoals:1 Donald


Innate Abilities, Weirdness & Mutations

You can breathe blasts of noxious fumes.
Your lurid green scales are hard. (AC +9)
You cannot fit into any form of body armour.
Your tail ends in a venomous barb.
Your system is resistant to poisons. (rPois)
You are cold-blooded and may be slowed by cold attacks.
Your body sometimes deteriorates upon taking damage.


Message History

Casting: Foxfire (safe; 1% risk of failure)
Confirm with . or Enter, or press ? or * to list all spells.
A guardian golem appears, shielding your allies.
Donald is engulfed in noxious fumes.
Donald appears confused.
Donald says, "Aw, phooey!"
Donald is engulfed in noxious fumes.
Unknown command.
Donald says, "Actually, I like you."
You hit Donald but do no damage. You tail-slap Donald.
Donald is poisoned.
Donald is lightly wounded.
Donald closely misses you.
You puncture Donald! You burn Donald. You tail-slap Donald, but do no damage.
You punch Donald.
Donald is moderately wounded.
You hit Donald but do no damage.
Donald is moderately wounded.
Donald hits you with a +1 double sword of freezing!!
Your body deteriorates!
You feel dopey.
You feel yourself slow down. Donald freezes you!
You catch the helpless Donald completely off-guard!
You impale Donald!! You burn Donald.
Donald is heavily wounded.
Donald twirls gently on the spot.
Donald hits you with a +1 double sword of freezing!!!
Donald freezes you.
You hit Donald. You burn Donald. You tail-slap Donald, but do no damage.
Donald is heavily wounded.
Donald hits you with a +1 double sword of freezing!!
Donald freezes you!
* * * LOW HITPOINT WARNING * * *
Unknown command.
You hit Donald. You burn Donald. You tail-slap Donald.
Donald looks even sicker.
Donald is severely wounded.
You feel yourself speed up.
Donald seems less confused.
Donald hits you with a +1 double sword of freezing!!
* * * LOW HITPOINT WARNING * * *
Donald freezes you!
You die...

≈≈≈≈≈≈≈≈≈≈.......)#
≈≈≈≈≈≈≈≈≈≈≈≈≈≈≈....≈....#
≈≈≈≈≈≈≈≈≈≈≈≈≈≈≈≈≈≈≈≈...≈≈.#....
≈≈≈≈≈≈≈≈≈≈≈≈≈≈≈≈≈≈≈≈≈≈≈≈....≈..
≈≈≈≈≈≈≈≈≈≈≈≈≈≈≈≈≈≈≈≈≈≈≈≈≈≈≈≈...
≈≈≈≈≈≈≈≈≈≈≈≈≈≈≈≈≈≈≈.....≈#≈≈..#
≈≈≈≈≈≈≈≈≈≈≈≈.≈≈≈≈≈≈..##.≈≈≈≈..#
≈≈≈≈≈≈≈≈≈≈≈≈.)9.≈≈..####.≈≈≈..#
≈≈≈≈≈≈≈≈≈≈≈≈..@@.≈≈..###......#
≈≈≈≈≈≈≈≈≈≈≈.......≈......≈.....
≈≈≈≈≈≈≈≈≈≈≈...†...≈≈.....≈≈...>
≈≈≈≈≈≈≈≈≈≈≈≈≈......≈≈..≈≈≈≈≈≈..
≈≈≈≈≈≈≈≈≈≈≈≈≈.......≈≈≈≈≈≈≈≈≈≈.
≈≈≈≈≈≈≈≈≈≈≈.≈≈.......≈≈≈≈≈≈≈≈≈≈
≈≈≈≈≈≈≈≈≈.###..≈......≈≈≈≈≈≈≈≈≈
≈≈≈≈≈≈≈≈≈.###.....≈....≈≈≈≈≈≈≈≈
≈≈≈≈≈≈≈≈≈..##..>.....#.≈≈≈≈≈≈≈≈


You could see Donald (fast, strong, very poisoned, ally target) and a friendly
guardian golem (summoned).

Vanquished Creatures
  Jorgrun (Orc:2)
  Mlioglotl (Lair:2)
  Gastronok (D:10)
  An orc warlord (Orc:2)
  A merfolk impaler (Shoals:1)
  3 hydras
  Harold (D:7)
  5 catoblepae
  A two-headed ogre (Orc:1)
  20 death yaks
  The ghost of Zeld the Thaumaturge, a journeyman GrCj of Gozag (D:11)
  3 orc high priests (Orc:2)
  Sonja (Lair:3)
  6 skeletal warriors
  A sea snake (Shoals:1)
  2 anaconda skeletons (Volcano)
  2 oklob plants (Lair:3)
  4 orc knights
  4 orc sorcerers (Orc:2)
  2 cyclopes
  2 manticores (Lair:6)
  3 black mambas
  11 elephants
  A water nymph (Shoals:1)
  2 torpor snails
  13 cane toads
  6 gargoyles
  A kobold demonologist (D:12)
  3 unseen horrors
  A rime drake (Lair:4)
  15 komodo dragons
  3 trolls
  3 polar bears
  2 slime creatures (Lair:5)
  A hornet (D:8)
  A harpy skeleton (Volcano)
  19 blink frogs
  6 dream sheep (Lair:4)
  A snapping turtle (Shoals:1)
  3 flying skulls (Volcano)
  4 alligator skeletons (Volcano)
  2 culicivoras (Lair:4)
  A jumping spider (Lair:4)
  6 wyverns
  68 yaks
  A wraith (D:12)
  5 basilisks
  Grum (D:11)
  A redback (Lair:3)
  5 vampire mosquitoes
  Menkaure (D:7)
  A warg (Orc:2)
  2 acid dragons (D:10)
  18 water moccasins
  3 black bears (D:10)
  A swamp drake (D:12)
  A sky beast (D:7)
  29 orc warriors
  A necrophage (D:7)
  3 ice beasts
  20 wolves
  5 ogres
  6 centaurs
  A phantom (D:4)
  4 kobold brigands
  11 bullfrogs
  2 scorpions (D:4)
  2 howler monkeys (D:10)
  4 troll skeletons (Volcano)
  8 wights
  3 electric eels
  5 centaur zombies
  5 jellies
  A hound (D:5)
  A bullfrog skeleton (D:6)
  26 orc priests
  Terence (D:2)
  8 hell rats
  An iguana (D:6)
  28 orc wizards
  A hound skeleton (D:4)
  6 mummies
  2 howler monkey zombies (D:5)
  A gnoll (D:1)
  A howler monkey skeleton (D:5)
  4 adders
  3 shadow imps
  A white imp (D:7)
  An ufetubus (D:4)
  An adder skeleton (D:4)
  3 worms
  3 dart slugs
  72 orcs
  5 ball pythons
  5 bats
  8 endoplasms
  5 giant cockroaches
  5 goblins
  12 hobgoblins
  3 jackals (D:3)
  11 kobolds
  7 quokkas
  6 frilled lizards
  2 hobgoblin zombies (Ossuary)
  3 rats
625 creatures vanquished.

Vanquished Creatures (others)
  An orc high priest (Orc:2)
  A torpor snail (Lair:2)
  A yak (Lair:1)
  An orc warrior (Orc:2)
  An iguana (D:4)
  A giant cockroach (D:4)
  8 bushes (Lair:3)
  44 foxfires
  86 fungi
  131 plants
275 creatures vanquished.

Grand Total: 900 creatures vanquished

Notes
Turn   | Place    | Note
-------+----------+-------------------------------------------
     0 | D:1      | Icepheonix32 the Draconian Cinder Acolyte began the quest
                  | for the Orb.
     0 | D:1      | Reached XP level 1. HP: 19/19 MP: 2/2
   159 | D:1      | Reached XP level 2. HP: 18/26 MP: 3/3
   436 | D:1      | Reached XP level 3. HP: 14/31 MP: 4/4
   444 | D:1      | Learned a level 2 spell: Scorch
   811 | D:1      | Found a faded altar of an unknown god.
  1773 | D:2      | Reached XP level 4. HP: 31/40 MP: 3/6
  2206 | D:2      | Noticed Terence
  2211 | D:2      | Killed Terence
  2492 | D:3      | Reached XP level 5. HP: 44/46 MP: 8/8
  3285 | D:4      | You fall into a shaft and drop 1 floor!
  3285 | D:5      | Entered Level 5 of the Dungeon
  3298 | D:5      | Reached skill level 1 in Dodging
  3354 | D:5      | Noticed a water moccasin
  3355 | D:5      | Identified the +2 falchion of Woe {vorpal, rC+ Will+ Int+3}
  3362 | D:5      | Killed a water moccasin
  3363 | D:5      | Reached XP level 6. HP: 24/52 MP: 0/11
  3490 | D:4      | Found a glowing silver altar of Zin.
  3615 | D:4      | Your scales start taking on a lurid green colour.
  3615 | D:4      | Reached XP level 7. HP: 59/59 MP: 10/13
  3615 | D:4      | Gained mutation: Your system is resistant to poisons.
                  | (rPois) [Green Draconian growth]
  3737 | D:4      | Identified the +3 ring mail "Ikinid" {Harm MP+9 Str+4}
  3745 | D:4      | Found a sand-covered staircase.
  3754 | Ossuary  | Entered an ossuary
  4553 | D:4      | Identified the +2 longbow of Tartarus {venom, Str+4 Int+4}
  4878 | D:4      | Reached skill level 5 in Fire Magic
  5402 | D:5      | Reached skill level 5 in Spellcasting
  5847 | D:6      | Reached skill level 1 in Bows
  6012 | D:6      | Reached XP level 8. HP: 41/66 MP: 16/16
  6212 | D:6      | Reached skill level 1 in Stealth
  6955 | D:7      | Found a staircase to the Ecumenical Temple.
  6984 | D:7      | Noticed Menkaure
  6988 | D:7      | Killed Menkaure
  7196 | D:7      | Reached XP level 9. HP: 72/72 MP: 19/19
  7320 | D:7      | Noticed Harold
  7332 | D:7      | Killed Harold
  7482 | D:7      | Found Xoziufua's Antique Weapon Shop.
  7660 | D:8      | Reached skill level 5 in Fighting
  7781 | D:8      | Reached skill level 5 in Bows
  8118 | D:8      | Learned a level 3 spell: Summon Guardian Golem
  8222 | D:8      | Reached skill level 1 in Summonings
  8389 | D:7      | Bought a faintly glowing great sword for 287 gold pieces
  8389 | D:7      | Identified the +5 great sword of Karma {holy, rPois rF+
                  | Str-2 Int+4} (You bought it in a shop on level 7 of the
                  | Dungeon)
  8480 | D:8      | Reached XP level 10. HP: 35/81 MP: 10/22
  8510 | D:8      | Reached skill level 5 in Short Blades
  8906 | D:9      | Reached skill level 1 in Long Blades
  8921 | D:9      | Learned a level 2 spell: Corpse Rot
  9723 | D:9      | Found an opulent altar of Gozag.
  9837 | D:10     | Entered Level 10 of the Dungeon
 10078 | D:10     | HP: 4/83 [komodo dragon (3)]
 10421 | D:10     | Found a staircase to the Lair.
 10724 | D:10     | Reached XP level 11. HP: 89/89 MP: 23/23
 10876 | D:10     | Noticed Gastronok
 10889 | D:10     | Killed Gastronok
 10890 | D:10     | Reached skill level 5 in Stealth
 11316 | Lair:1   | Entered Level 1 of the Lair of Beasts
 12425 | Lair:2   | Found a staircase to the Shoals.
 12774 | Lair:2   | Reached skill level 5 in Long Blades
 13611 | Lair:2   | Reached XP level 12. HP: 82/97 MP: 19/25
 13700 | Lair:2   | Noticed a four-headed hydra
 13717 | Lair:2   | Killed a four-headed hydra
 14404 | Lair:3   | Noticed a death yak
 14410 | Lair:3   | Noticed Sonja
 14419 | Lair:3   | Killed Sonja
 14421 | Lair:3   | Reached skill level 10 in Spellcasting
 14779 | Lair:3   | Noticed a death yak
 14784 | Lair:3   | Noticed a death yak
 14785 | Lair:3   | Noticed a death yak
 14811 | Lair:2   | Killed a death yak
 14973 | Lair:3   | Noticed a death yak
 14973 | Lair:3   | Noticed a death yak
 14973 | Lair:3   | Noticed a death yak
 14973 | Lair:3   | Noticed a death yak
 14996 | Lair:2   | Killed a death yak
 15117 | Lair:3   | Noticed a death yak
 15202 | Lair:3   | Noticed a six-headed hydra
 15218 | Lair:3   | Killed a six-headed hydra
 15552 | Lair:2   | Killed a death yak
 15553 | Lair:2   | Reached skill level 5 in Dodging
 15819 | Lair:2   | Killed a death yak
 16058 | Lair:3   | Killed a death yak
 16075 | Lair:2   | Killed a death yak
 16172 | Lair:2   | Killed a death yak
 16330 | Lair:2   | Killed a death yak
 16400 | Lair:2   | Killed a death yak
 16429 | Lair:3   | Reached XP level 13. HP: 106/106 MP: 27/27
 16656 | Lair:3   | Identified the +0 ring mail of Woamm {Slay+3 SInv}
 17019 | Lair:4   | Found a transporter.
 17642 | Lair:4   | Found a transporter.
 18437 | Lair:4   | Found a hole to the Spider Nest.
 18560 | Lair:4   | Noticed Holdthepickle's ghost (journeyman MiBe)
 18942 | Lair:5   | Found a staircase to the Slime Pits.
 18952 | Lair:5   | Found a dark tunnel.
 18972 | Volcano  | Entered a volcano
 19275 | Volcano  | Reached skill level 1 in Throwing
 20185 | Volcano  | Identified the +7 fire dragon scales of Weeteor {rPois rF++
                  | rC- rN+ Str+2}
 20628 | Lair:5   | Gained mutation: Your tail ends in a venomous barb. [Green
                  | Draconian growth]
 20628 | Lair:5   | Reached XP level 14. HP: 104/116 MP: 24/28
 21108 | Lair:6   | Entered Level 6 of the Lair of Beasts
 22152 | Lair:6   | Found a transporter.
 22159 | Lair:6   | Reached skill level 1 in Evocations
 22621 | Lair:6   | Noticed a tentacled starspawn
 22638 | Lair:6   | Noticed mrburnz's ghost (journeyman MiBe)
 22784 | Lair:6   | Reached skill level 10 in Long Blades
 22806 | Lair:6   | Found a transporter.
 22822 | Lair:6   | Identified the ring "Louwu" {Wiz Slay+2}
 23087 | Lair:6   | Found a one-way gate to the infinite horrors of the Abyss.
 23497 | Lair:5   | Reached skill level 10 in Stealth
 25538 | D:11     | Found a runed translucent door.
 25538 | D:11     | Noticed Zeld's ghost (journeyman GrCj)
 25664 | D:11     | Noticed Grum
 25677 | D:11     | Killed Grum
 25943 | D:11     | Killed Zeld's ghost
 26301 | D:11     | Learned a level 5 spell: Summon Forest
 26381 | D:12     | Found Heirchy's Antique Weapon Shop.
 26901 | D:12     | Found Jigoel's General Store.
 28137 | D:12     | Found a staircase to the Orcish Mines.
 28193 | D:12     | Learned a level 5 spell: Silence
 28198 | Orc:1    | Entered Level 1 of the Orcish Mines
 28207 | Orc:1    | Reached skill level 5 in Summonings
 28207 | Orc:1    | Reached skill level 1 in Translocations
 28492 | Orc:2    | Entered Level 2 of the Orcish Mines
 28520 | Orc:1    | Reached XP level 15. HP: 111/126 MP: 24/29
 28620 | Orc:2    | Noticed Jorgrun
 28823 | Orc:2    | Killed Jorgrun
 28824 | Orc:2    | Reached skill level 1 in Hexes
 28824 | Orc:2    | Reached skill level 1 in Air Magic
 29490 | Orc:2    | Found Esarail's Assorted Antiques.
 29499 | Orc:2    | Bought a glowing pink potion for 25 gold pieces
 29499 | Orc:2    | Bought a scroll of identify for 56 gold pieces
 29500 | Orc:2    | Bought a glowing shortbow for 168 gold pieces
 29501 | Orc:2    | Bought a pair of embroidered gloves for 210 gold pieces
 29504 | Orc:2    | Bought 2 potions of curing for 168 gold pieces
 29544 | Orc:2    | Found Qesuywk's Specific Store.
 29545 | Orc:2    | Found Jococis's General Store.
 29617 | Orc:2    | Found a staircase to the Elven Halls.
 29897 | Orc:2    | Reached skill level 10 in Bows
 30143 | Orc:2    | Noticed an orc warlord
 31469 | Orc:2    | Killed an orc warlord
 31504 | Orc:2    | Found Vegokhowe's General Store.
 31505 | Orc:2    | Found Ruicyet's Book Shop.
 31507 | Orc:2    | Found Wonwuaru's Antique Armour Boutique.
 31507 | Orc:2    | Found Dotrevvodd's Antique Weapon Boutique.
 31611 | Orc:2    | Bought a pair of runed boots for 202 gold pieces
 31626 | Orc:2    | Bought a book of Flames for 330 gold pieces
 31630 | Orc:2    | Learned a level 3 spell: Inner Flame
 31635 | Orc:2    | Learned a level 4 spell: Flame Wave
 31639 | Orc:2    | Learned a level 3 spell: Conjure Flame
 31643 | Orc:2    | Learned a level 3 spell: Dazzling Flash
 31675 | Orc:2    | Learned a level 1 spell: Foxfire
 31883 | Shoals:1 | Entered Level 1 of the Shoals
 32198 | Shoals:1 | Found the +5 scythe "Finisher" {speed, eviscerate}
 32317 | Shoals:1 | Noticed Donald
 32321 | Shoals:1 | Noticed Mlioglotl
 32409 | Shoals:1 | Gained mutation: Your body sometimes deteriorates upon
                  | taking damage. [a neqoxec]
 32411 | Shoals:1 | Noticed a tentacled starspawn
 32426 | Lair:2   | Killed Mlioglotl
 32427 | Lair:2   | Reached skill level 10 in Fighting
 32779 | Shoals:1 | Slain by Donald

Illustrated notes

Levels and vault maps discovered:
D:1:      minmay_arrival_five_plusses, layout_rooms,
          ebering_ecumenical_altar_mist, serial_bayou_pond_c
D:2:      layout_basic, grunt_ministairs_14, minmay_worlds_worst_comb,
          uniq_terence
D:3:      layout_loops_ring, nrook_mini_backslash
D:4:      layout_loops_cross, mainiacjoe_overflow_alcove_4,
          gup_ossuary_entry_pyramid, lemuel_flame_loot_1
D:5:      layout_loops_ring
D:6:      layout_basic
D:7:      layout_rooms, minmay_temple_entry_antechambers, serial_shops,
          nicolae_lakefront_shop, kennysheep_decorative_pillar, uniq_harold,
          uniq_menkaure
D:8:      layout_cave_pools
D:9:      layout_cave_pools, marbit_many_paths
D:10:     layout_basic, due_lair_maze_entry_diamond, uniq_gastronok
D:11:     layout_roguey, hellmonk_ghost_happy_afterlife, glass_columns_c,
          uniq_grum
D:12:     layout_layer_cave, erik_orc_1, serial_shops, nicolae_shop_statue_plus,
          shop_statue
Lair:1:   layout_gridlike
Lair:2:   layout_regular_city, shoals_dummy_entry, st_stairs_10,
          fungi_pond_lemuel, serial_bayou_lagoon_b
Lair:3:   layout_hall_layers, serial_rivers, chequers_serial_rivers_large_b,
          chequers_serial_rivers_small_3, chequers_serial_rivers_small_b,
          chequers_serial_rivers_large_a, chequers_serial_rivers_micro_e,
          minmay_lair_oklob_bushes, lemuel_old_faithful, uniq_sonja
Lair:4:   layout_hall_layers, spider_nest_entry_funnel_web, nzn_ghost_randoct,
          beast_lair_carwin_9, infiniplex_staircase_pool_2
Lair:5:   layout_cave_shapes, minmay_slime_entry_pillars, enter_volcano_2,
          serial_forest, infiniplex_forest_lined_4_way, infiniplex_forest_end_2,
          infiniplex_forest_straight_3, infiniplex_forest_end_double,
          infiniplex_forest_3_way, infiniplex_forest_lined_room_3,
          infiniplex_forest_pool, infiniplex_forest_lined_2,
          infiniplex_forest_straight_2
Lair:6:   evilmike_catoblepas_cave, layout_regular_city,
          gammafunk_ghost_abyssal_escape, chequers_serial_rivers_micro_a,
          serial_bayou_pond_b, minivault_23, nicolae_lair_grove_arrangements
Shoals:1: layout_shoals, uniq_donald, uniq_mlioglotl
Orc:1:    layout_caves
Orc:2:    st_orc_congregation, layout_caves, serial_shops,
          nicolae_lakefront_shop, nicolae_specific_store,
          nicolae_orc_crystal_geode, uniq_jorgrun

Skill      XL: |  1  2  3  4  5  6  7  8  9 10 11 12 13 14 15 |
---------------+----------------------------------------------+-----
Spellcasting   | 2 3 4 5 7 8 9 10 | 10.6
Dodging        | 1 2 3 4 5 6 |  6.9
Fire Magic     | 4 5 6 7 8 |  8.2
Short Blades   | 4 5 6 7 8 |  8.4
Fighting       | 4 5 6 7 8 9 10 | 10.0
Bows           | 1 3 5 6 8 9 10 | 10.5
Stealth        | 1 3 4 6 7 9 10 | 10.6
Summonings     | 1 3 4 5 |  5.0
Long Blades    | 3 5 7 9 10 | 10.5
Throwing       | 1 |  1.0
Evocations     | 3 4 |  4.9
Translocations | 1 |  1.1
Hexes          | 2 |  2.6
Air Magic      | 2 |  2.6
Polearms       | |  0.9
Conjurations   | |  0.1
Necromancy     | |  0.6

Action                   |  1- 3 |  4- 6 |  7- 9 | 10-12 | 13-15 || total
-------------------------+-------+-------+-------+-------+-------++-------
Melee: Short sword       |    34 |       |       |       |       ||    34
       Tailslap          |    10 |     3 |    10 |    55 |   139 ||   217
       Dagger            |    41 |    75 |    93 |   338 |   519 ||  1066
       Punch             |       |     1 |     2 |     9 |    14 ||    26
       Great sword       |       |       |       |    18 |   176 ||   194
 Fire: Longbow           |       |       |    88 |   129 |   479 ||   696
Throw: Boomerang         |       |       |     3 |     2 |     4 ||     9
       Dart              |       |       |       |     5 |     1 ||     6
       Throwing net      |       |       |       |     1 |       ||     1
 Cast: Scorch            |    14 |    22 |    47 |    23 |    38 ||   144
       Summon Guardian G |       |       |       |     7 |     8 ||    15
       Corpse Rot        |       |       |       |     2 |     3 ||     5
       Foxfire           |       |       |       |       |    12 ||    12
Invok: Foxfire Swarm     |       |       |       |       |     1 ||     1
 Abil: Breathe Noxious F |       |       |     4 |    25 |    39 ||    68
Evoke: Wand              |       |       |       |     1 |     3 ||     4
       Condenser vane    |       |       |       |     1 |     1 ||     2
  Use: Potion            |     1 |     2 |       |     6 |     7 ||    16
       Scroll            |       |     6 |     8 |    13 |    14 ||    41
 Stab: Confused          |       |       |     2 |    17 |    40 ||    59
       Sleeping          |       |       |       |     3 |     7 ||    10
       Distracted        |       |       |       |     2 |     1 ||     3
       Invisible         |       |       |       |     2 |       ||     2
       Petrifying        |       |       |       |       |     2 ||     2
       Petrified         |       |       |       |       |     2 ||     2
Armor: Skin              |    21 |    22 |    57 |   133 |   285 ||   518
Dodge: Dodged            |    38 |    39 |    97 |   215 |   401 ||   790
